Map: Port Aleksander LE

Players

HeRoMaRinE - Winner!

  • Race: Terran Terran
  • Spawn Location: 5:00

cure

  • Race: Terran Terran
  • Spawn Location: 11:00

Event: IEM Season 13: Katowice (2019)

VOD

Have the link to the VOD?

Description

Time

  • Played on: Feb. 25, 2019, 7:28 a.m.
  • Length: 26:03

All games in this series

Show
View Real Time Build Order
Export as new Build Order

HeRoMaRinE Terran - Winner!

Build Orders: Gas First Reaper Expand 

Get SALT Encoding   

  12  0:00  SCV  
  13  0:13  SCV  
  14  0:18  Supply Depot  
  14  0:25  SCV  
  15  0:29  Refinery  
  15  0:39  SCV  
  16  0:45  Barracks  
  16  0:51  SCV  
  17  1:04  SCV  
  18  1:16  SCV  
  19  1:32  Reaper, Orbital Command  
  20  1:50  Command Center  
  20  1:59  Factory  
  20  2:03  SCV  
  20  2:08  Barracks Reactor  
  21  2:15  SCV  
  21  2:20  Supply Depot  
  22  2:24  Refinery  
  22  2:27  SCV  
  22  2:40  SCV  
  23  2:52  SCV  
  23  2:55  Starport  
  23  3:00  Hellion x2  
  23  3:04  SCV  
  28  3:16  SCV  
  29  3:21  Hellion x2  
  29  3:24  Orbital Command  
  33  3:27  Barracks Tech Lab  
  33  3:29  SCV  
  33  3:32  Starport Tech Lab  
  34  3:41  SCV  
  35  3:49  Refinery, SCV  
  35  3:51  Raven  
  35  3:53  SCV  
  39  3:56  Supply Depot  
  39  4:00  Cyclone  
  42  4:05  SCV x2  
  42  4:07  Marine  
  42  4:08  Marine  
  45  4:17  SCV  
  45  4:18  SCV  
  45  4:19  Supply Depot  
  47  4:30  SCV  
  50  4:32  Cyclone, SCV  
  54  4:40  Raven  
  54  4:42  SCV  
  54  4:44  SCV, Supply Depot  
  56  4:54  SCV  
  56  4:56  SCV  
  58  5:00  Marine x2  
  58  5:06  SCV  
  51  5:08  SCV  
  51  5:10  Siege Tank  
  55  5:18  SCV  
  55  5:20  SCV  
  54  5:29  Command Center  
  54  5:30  SCV  
  54  5:32  SCV  
  56  5:35  Viking x2  
  56  5:36  Marine  
  56  5:40  Supply Depot  
  56  5:42  Siege Tank, SCV  
  65  5:44  SCV  
  66  5:51  Stimpack  
  66  5:54  Refinery, SCV, Marine  
  66  5:56  SCV  
  69  6:05  Viking x2  
  69  6:08  SCV x2  
  75  6:12  Marine  
  78  6:30  Barracks  
  78  6:31  Barracks  
  77  6:33  Engineering Bay x2  
  77  6:36  SCV  
  78  6:40  SCV  
  78  6:41  Siege Tank, Viking x2  
  78  6:46  Orbital Command  
  85  6:48  SCV  
  85  6:52  SCV  
  85  6:53  Marine  
  89  7:06  Terran Infantry Armor Level 1, Terran Infantry Weapons Level 1  
  87  7:10  Orbital Command, Supply Depot  
  87  7:11  Viking x2, Marine  
  87  7:15  SCV x2  
  92  7:21  Barracks  
  91  7:25  Barracks  
  91  7:27  SCV x2  
  91  7:29  Barracks Reactor x2  
  93  7:33  Supply Depot  
  93  7:35  SCV  
  93  7:36  Marine  
  95  7:39  SCV  
  95  7:40  SCV  
  94  7:47  SCV  
  94  7:48  Siege Tank  
  98  7:51  SCV  
  98  7:52  SCV  
  98  7:54  Sensor Tower  
  98  7:56  Refinery x2, Marine  
  100  7:59  SCV  
  100  8:03  Combat Shield, SCV  
  100  8:04  SCV  
  107  8:11  SCV  
  107  8:12  Armory, Marine  
  105  8:14  Barracks Reactor x2, Marine x2  
  105  8:15  SCV  
  105  8:16  SCV, Marine x2  
  111  8:23  SCV, Medivac  
  111  8:24  Medivac  
  115  8:28  SCV x2  
  115  8:32  Supply Depot  
  117  8:36  SCV  
  117  8:38  Supply Depot x2  
  117  8:42  Supply Depot  
  117  8:50  Supply Depot  
  117  8:55  Supply Depot  
  119  8:56  Marine x2  
  119  8:57  Command Center, Marine  
  119  8:58  Marine x3  
  119  8:59  Factory, Marine  
  119  9:00  Marine  
  123  9:07  Marine  
  122  9:10  Viking x2  
  122  9:12  Siege Tank, Terran Infantry Weapons Level 2  
  122  9:14  Marine  
  122  9:15  Marine  
  127  9:18  Marine x2  
  127  9:20  Marine x2  
  129  9:24  Marine  
  129  9:25  Marine x2  
  132  9:31  Marine  
  132  9:32  Marine  
  132  9:36  Marine x2  
  132  9:37  Marine  
  132  9:38  Marine  
  136  9:41  Viking  
  136  9:42  Marine x2  
  136  9:43  Viking  
  136  9:44  Siege Tank  
  139  9:49  Marine  
  139  9:50  Marine  
  138  9:54  Marine x2  
  138  9:55  Marine x2  
  142  10:00  Marine x2  
  142  10:02  Barracks Reactor  
  142  10:05  SCV x2  
  143  10:07  Marine  
  143  10:08  Marine  
  143  10:12  Marine x2  
  143  10:13  Marine x2  
  125  10:16  Siege Tank  
  125  10:17  Orbital Command  
  125  10:18  Terran Infantry Armor Level 2, Marine  
  125  10:19  Terran Vehicle Weapons Level 1  
  126  10:21  Siege Tank  
  126  10:22  Marine  
  126  10:25  Marine  
  126  10:26  Marine  
  128  10:29  Medivac x2, Marine  
  128  10:30  Marine  
  128  10:31  Marine  
  128  10:35  Marine  
  131  10:36  Marine  
  131  10:38  Marine  
  131  10:40  Marine  
  133  10:43  Marine  
  133  10:44  Marine x2  
  133  10:47  Marine x2  
  133  10:48  Siege Tank  
  133  10:49  Marine  
  142  10:53  Siege Tank, Marine x2  
  142  10:56  Marine  
  147  10:58  Marine  
  147  11:00  Medivac x2, Marine  
  147  11:02  Marine x2  
  146  11:05  Marine x2  
  148  11:18  Marine x2  
  148  11:20  Siege Tank  
  148  11:21  Marine x2  
  148  11:23  Marine x2  
  148  11:25  Marine  
  153  11:26  Marine x2  
  153  11:29  Marine  
  153  11:31  Siege Tank  
  158  11:36  Orbital Command, Marine x2  
  158  11:39  Marine x2  
  162  11:41  Marine x2  
  162  11:43  Marine  
  162  11:44  Marine  
  162  11:45  Viking x2  
  162  11:46  Marine  
  171  11:47  Sensor Tower  
  171  11:50  SCV x3  
  174  12:00  Siege Tank  
  174  12:01  Marine x2  
  178  12:02  SCV  
  180  12:12  Sensor Tower  
  180  12:17  Supply Depot  
  180  12:18  Supply Depot  
  180  12:22  Marine x4  
  180  12:23  Marine x3  
  180  12:33  Fusion Core  
  180  12:35  Terran Infantry Armor Level 3, Terran Infantry Weapons Level 3  
  180  12:39  Viking x2, Marine x3  
  180  12:40  Marine x3  
  190  12:47  Marine  
  176  12:53  Marine  
  176  12:54  Marine  
  176  12:55  Marine  
  176  12:56  Marine  
  176  12:57  Marine x2  
  176  12:58  Marine  
  162  12:59  Siege Tank  
  162  13:00  Siege Tank  
  162  13:01  Marine x2  
  162  13:05  Marine  
  169  13:07  Starport  
  169  13:09  Viking  
  169  13:11  Marine x2  
  173  13:13  Marine  
  173  13:14  Marine  
  173  13:15  Marine x3  
  173  13:18  Marine  
  173  13:19  Marine  
  166  13:22  Marine  
  164  13:28  Refinery, Viking  
  164  13:29  Refinery, Marine x2  
  164  13:33  Marine x3  
  164  13:34  Barracks  
  173  13:36  Marine x2  
  173  13:39  Sensor Tower  
  173  13:40  Marine  
  176  13:44  Terran Vehicle Weapons Level 2  
  176  13:47  Marine x2  
  176  13:48  Fusion Core  
  176  13:51  Marine x2  
  176  13:53  Barracks Reactor  
  176  13:54  Marine x3  
  184  13:58  Marine  
  184  13:59  Viking x2  
  186  14:11  Viking x2  
  190  14:17  Refinery  
  190  14:18  Liberator x2  
  190  14:24  Barracks Reactor  
  190  14:25  Starport, Fusion Core  
  190  14:58  Supply Depot  
  190  15:00  Viking x2  
  190  15:05  Armory  
  194  15:11  Starport Tech Lab  
  194  15:14  Command Center  
  194  15:19  Marine x2  
  194  15:20  Marine x2  
  196  15:21  Viking x2  
  200  15:35  Missile Turret  
  200  15:36  Missile Turret  
  200  15:38  Missile Turret  
  192  15:59  Viking x5  
  192  16:00  Advanced Ballistics  
  192  16:03  Marine x2  
  200  16:07  Command Center, Terran Vehicle Weapons Level 3  
  200  16:08  Terran Vehicle And Ship Armor Level 1  
  200  16:25  Marine x3  
  173  16:26  Marine  
  173  16:29  Marine x2  
  173  16:31  Marine  
  176  16:33  Liberator x2, Marine x2  
  176  16:34  Liberator, Marine x2  
  176  16:35  Marine  
  176  16:36  Liberator  
  181  16:40  Siege Tank  
  181  16:42  Marine x2  
  181  16:43  Marine  
  181  16:44  Marine  
  185  16:47  Marine x2  
  185  16:49  Marine  
  185  16:51  Marine x2  
  185  16:52  Marine x2  
  185  16:53  Marine  
  196  17:00  Marine x2  
  196  17:01  Marine  
  198  17:02  Marine  
  198  17:06  Marine x2  
  198  17:07  Marine  
  191  17:09  Marine x3  
  191  17:10  Marine x2  
  194  17:25  Planetary Fortress  
  194  17:26  Siege Tank x2  
  194  17:27  Marine  
  198  17:31  Marine  
  198  17:33  Liberator x2  
  198  17:34  Marine  
  200  17:37  Sensor Tower  
  196  17:44  Marine x3  
  197  17:55  Marine x2  
  197  17:57  Viking x2  
  187  17:58  Viking  
  187  18:00  Marine x2  
  187  18:05  Marine x3  
  190  18:09  Marine x3  
  190  18:11  Marine x2  
  180  18:13  Siege Tank  
  180  18:14  Marine x2  
  180  18:18  Marine x2  
  176  18:23  Marine x3  
  176  18:26  Siege Tank, Marine x2  
  173  18:27  Viking, Marine  
  173  18:29  Marine x2  
  173  18:32  Marine x2  
  173  18:34  Raven  
  173  18:36  Marine x2  
  173  18:40  Viking, Marine x2  
  173  18:41  Marine  
  171  18:42  Viking  
  171  18:44  Viking  
  171  18:45  Marine  
  171  18:46  Marine  
  171  18:47  Marine  
  171  18:48  Marine  
  176  18:50  Marine x2  
  176  18:51  Marine  
  176  18:54  Marine  
  173  18:56  Marine  
  173  18:58  Marine  
  173  18:59  Marine  
  173  19:00  Marine  
  173  19:02  Marine  
  162  19:04  Marine x2  
  162  19:06  Marine  
  162  19:08  Marine x3  
  150  19:12  Marine  
  150  19:14  Marine  
  150  19:16  Marine  
  150  19:17  Raven, Marine x2  
  150  19:20  Marine  
  150  19:22  Viking, Marine x2  
  150  19:24  Marine  
  156  19:25  Viking  
  156  19:26  Marine x3  
  156  19:30  Planetary Fortress, Marine  
  159  19:32  Marine  
  159  19:34  SCV x2  
  159  19:36  Siege Tank  
  159  19:38  Viking  
  164  19:46  Terran Ship Weapons Level 1  
  164  19:47  Marine  
  164  19:48  Marine x2  
  164  19:51  Marine x3  
  164  19:52  Marine x2  
  169  19:54  Medivac  
  169  19:55  Medivac  
  169  19:57  Siege Tank  
  169  19:58  Marine  
  174  20:03  Viking  
  174  20:05  Viking  
  178  20:08  Medivac  
  180  20:18  Marine x2  
  180  20:19  Marine x2  
  150  20:24  Medivac  
  150  20:25  Marine  
  150  20:26  Marine x3  
  150  20:27  Marine x2  
  150  20:28  Marine x2  
  140  20:30  Siege Tank x2  
  146  20:36  Marine x2  
  146  20:37  Marine x2  
  146  20:40  Viking x2  
  146  20:42  Viking, Marine  
  153  20:43  Viking  
  153  20:44  Marine x2  
  152  20:50  Marine x2  
  152  20:51  Marine x2  
  152  20:52  Marine  
  152  20:53  Marine  
  152  20:54  Marine  
  152  20:55  Marine x2  
  161  20:57  Viking  
  161  21:00  Marine  
  161  21:02  Siege Tank, Marine x2  
  169  21:07  Siege Tank  
  169  21:08  Marine x2  
  169  21:09  Marine x3  
  169  21:10  Viking  
  179  21:11  Marine x2  
  179  21:13  Marine x2  
  179  21:18  Marine  
  183  21:20  Viking x2, Marine x2  
  183  21:22  Viking  
  183  21:25  Refinery  
  192  21:26  Refinery, Marine  
  192  21:28  Marine x3  
  192  21:29  Marine x2  
  192  21:30  Marine  
  199  21:36  Marine  
  198  22:16  Medivac  
  200  22:25  Marine  
  200  22:27  Marine x2  
  196  22:38  Viking x2  
  196  22:40  Marine  
  196  22:41  Marine x3  
  196  22:43  Marine  
  187  22:44  Marine  
  187  22:45  Marine x3  
  187  22:46  Marine  
  187  22:47  Siege Tank  
  187  22:48  Marine  
  187  22:49  Marine  
  168  22:57  Siege Tank  
  168  22:58  Viking x3, Marine x2  
  142  22:59  Marine x2  
  142  23:01  Marine  
  142  23:02  Marine  
  142  23:03  Marine x4  
  152  23:06  Marine x2  
  152  23:08  Viking  
  152  23:09  Viking  
  155  23:15  Barracks, Terran Ship Weapons Level 2  
  155  23:16  Marine x2  
  155  23:17  Marine x2  
  155  23:19  Marine  
  163  23:20  Siege Tank, Marine x3  
  163  23:21  Marine x2  
  163  23:24  Marine x2  
  170  23:28  Viking  
  170  23:29  Siege Tank  
  170  23:31  Viking  
  170  23:33  Viking  
  179  23:34  Marine x2  
  179  23:35  Marine x2  
  179  23:37  Marine  
  179  23:38  Marine x3  
  179  23:39  Marine x2  
  185  23:42  Marine x2  
  185  23:47  Viking  
  183  23:49  Viking  
  183  23:52  Siege Tank, Marine x3  
  183  23:53  Marine  
  183  23:54  Marine  
  193  23:56  Marine  
  193  23:58  Viking  
  193  23:59  Marine  
  193  24:01  Viking  
  197  24:03  Viking  
  197  24:05  Marine  
  197  24:17  Marine x2  
  197  24:19  Marine x2  
  197  24:20  Viking  
  197  24:21  Liberator x2  
  199  24:26  Siege Tank  
  199  24:29  Marine  
  199  24:31  Marine  
  200  24:37  Siege Tank  
  194  24:38  Marine  
  194  24:39  Marine  
  194  24:41  Refinery  
  194  24:42  Refinery  
  194  24:43  Marine  
  200  25:08  Command Center  
  200  25:12  Barracks Reactor  
  200  25:13  Marine  
  175  25:23  Siege Tank  
  175  25:24  Marine  
  175  25:27  Marine  
  175  25:28  Marine x3  
  181  25:30  Marine x2  
  181  25:31  Marine x2  
  181  25:33  Marine  
  181  25:34  Marine  
  179  25:36  Marine  
  179  25:41  Marine  
Show
View Real Time Build Order
Export as new Build Order

cure Terran 

Build Orders: Gas First Reaper Expand, Liberator Opening 

Get SALT Encoding   

  12  0:00  SCV  
  13  0:12  SCV  
  14  0:17  Supply Depot  
  14  0:24  SCV  
  15  0:28  Refinery  
  15  0:39  SCV  
  16  0:45  Barracks  
  16  0:51  SCV  
  17  1:03  SCV  
  18  1:15  SCV  
  19  1:32  Reaper, Orbital Command  
  20  1:52  Command Center  
  20  1:58  SCV  
  21  2:06  Barracks Reactor  
  21  2:07  Factory  
  21  2:10  SCV  
  22  2:17  Supply Depot  
  22  2:24  Refinery  
  22  2:25  SCV  
  23  2:38  SCV  
  24  2:51  SCV  
  25  2:52  Starport  
  25  2:59  Hellion x2  
  25  3:03  SCV  
  29  3:05  Orbital Command  
  28  3:15  SCV  
  29  3:21  Hellion x2  
  33  3:27  SCV  
  33  3:30  Viking  
  37  3:34  SCV  
  37  3:39  SCV  
  37  3:40  Supply Depot  
  38  3:44  Liberator, Hellion  
  38  3:48  Hellion  
  42  3:50  SCV  
  42  3:51  SCV  
  44  4:01  Barracks Tech Lab  
  47  4:04  Supply Depot  
  47  4:06  Hellion  
  47  4:09  Hellion  
  51  4:12  SCV  
  51  4:14  SCV  
  53  4:24  SCV  
  53  4:26  SCV  
  53  4:27  Supply Depot  
  55  4:34  Marine x2  
  55  4:36  Cyclone  
  60  4:39  SCV x2  
  60  4:43  Supply Depot  
  60  4:44  Starport Tech Lab  
  62  4:51  SCV x2  
  62  4:52  Marine x2  
  66  5:03  SCV x2  
  62  5:08  Raven  
  62  5:09  Marine x2  
  62  5:10  Command Center  
  64  5:15  SCV x2  
  64  5:17  Refinery  
  64  5:18  Refinery  
  61  5:26  Cyclone  
  61  5:27  SCV x2, Marine x2  
  68  5:39  SCV x2  
  70  5:51  SCV x2  
  70  5:52  Barracks x2  
  72  5:58  Siege Tank  
  72  5:59  Marine  
  72  6:00  Stimpack  
  72  6:03  SCV  
  72  6:04  SCV  
  78  6:20  SCV x2, Supply Depot  
  78  6:21  Supply Depot  
  78  6:22  Orbital Command  
  78  6:24  Marine  
  78  6:25  Viking x2  
  79  6:30  Siege Tank  
  86  6:32  SCV x2  
  86  6:36  Engineering Bay  
  86  6:37  Engineering Bay  
  86  6:40  Barracks Reactor  
  86  6:41  Barracks Reactor  
  86  6:44  SCV x2, Marine  
  89  6:51  Supply Depot  
  89  6:52  SCV  
  90  6:55  Viking  
  90  6:57  SCV x2  
  90  6:58  Viking  
  96  7:02  Siege Tank  
  96  7:03  Marine  
  96  7:04  SCV  
  96  7:06  Supply Depot  
  101  7:09  Terran Infantry Weapons Level 1, SCV x2  
  101  7:10  Terran Infantry Armor Level 1  
  103  7:16  Supply Depot  
  103  7:17  Marine x4  
  103  7:21  Marine  
  107  7:25  Viking  
  107  7:28  Viking  
  111  7:32  Supply Depot  
  111  7:35  Marine x4  
  111  7:36  Siege Tank  
  118  7:39  Marine  
  118  7:41  Refinery  
  118  7:42  Refinery  
  118  7:45  SCV x2, Supply Depot  
  118  7:46  SCV  
  121  8:00  Barracks, Combat Shield  
  121  8:01  Barracks, Viking  
  121  8:04  Viking  
  121  8:05  Sensor Tower  
  125  8:06  SCV x2  
  125  8:07  SCV  
  127  8:15  Supply Depot  
  127  8:16  Armory  
  127  8:18  Marine x5  
  132  8:21  SCV x3  
  132  8:23  Siege Tank  
  138  8:28  Supply Depot  
  138  8:29  Supply Depot  
  138  8:33  SCV x3  
  141  8:37  Medivac x2  
  141  8:39  Marine x5  
  149  8:47  Barracks Reactor  
  149  8:48  Barracks Reactor  
  149  8:49  Supply Depot  
  149  8:51  Supply Depot  
  149  8:56  Marine x4  
  149  8:59  Marine  
  149  9:00  Siege Tank  
  157  9:06  Command Center  
  157  9:12  Viking  
  157  9:13  Viking  
  157  9:17  Marine x5  
  159  9:20  Terran Infantry Weapons Level 2, Terran Infantry Armor Level 2  
  162  9:26  Terran Vehicle Weapons Level 1  
  162  9:34  Marine x7  
  162  9:35  Marine x2  
  167  9:38  Siege Tank  
  161  9:52  Marine x6  
  154  9:53  Marine x3  
  154  9:58  Medivac  
  163  10:00  Medivac  
  165  10:10  Marine x6  
  165  10:11  SCV x3, Marine x3  
  160  10:27  Siege Tank  
  160  10:28  Marine x8  
  164  10:36  SCV x3  
  164  10:37  Viking x2  
  170  10:44  Factory  
  170  10:45  Planetary Fortress, Marine x2  
  170  10:46  Marine x6  
  178  10:50  Barracks Reactor  
  174  11:03  Marine x5  
  174  11:04  Marine  
  176  11:07  Viking x2, Marine x2  
  176  11:10  Siege Tank  
  185  11:21  Marine x6  
  185  11:25  Marine x2  
  193  11:28  Siege Tank  
  194  11:37  Viking x2, Marine x2  
  194  11:39  Marine x3  
  200  11:40  Refinery  
  200  11:42  Refinery  
  200  11:43  Terran Infantry Weapons Level 3, Sensor Tower  
  200  11:44  Terran Infantry Armor Level 3  
  200  11:53  Terran Vehicle Weapons Level 2  
  200  11:54  Marine  
  198  12:05  Siege Tank x2  
  199  12:15  Marine  
  197  12:24  Viking x2  
  197  12:28  Marine x6  
  195  12:33  Starport  
  195  12:35  Marine x4  
  195  12:36  Fusion Core, Starport  
  199  12:45  Factory  
  199  12:46  Marine  
  199  12:48  Command Center  
  197  12:52  Marine x4  
  197  12:55  Siege Tank x2  
  197  12:56  Command Center  
  197  12:57  Viking x2  
  168  13:02  Marine x4  
  172  13:06  Marine x2  
  172  13:08  Armory  
  172  13:10  Starport Reactor, Marine x2  
  176  13:14  Starport Tech Lab  
  176  13:19  Marine x2  
  155  13:20  Marine x4  
  155  13:24  Marine x2  
  145  13:28  Marine x2  
  147  13:34  Medivac x2  
  147  13:35  Siege Tank, Medivac  
  147  13:37  Siege Tank, Marine x2  
  147  13:41  Factory Tech Lab  
  161  14:01  Siege Tank, Refinery x2  
  164  14:03  Missile Turret, Viking x2  
  164  14:04  Viking  
  164  14:06  Orbital Command  
  170  14:11  Sensor Tower  
  170  14:12  Planetary Fortress  
  170  14:15  Terran Ship Weapons Level 1  
  170  14:17  Terran Vehicle And Ship Armor Level 1  
  170  14:18  Liberator  
  170  14:23  Siege Tank x2  
  176  14:25  Liberator  
  176  14:29  Viking x2  
  180  14:31  Advanced Ballistics  
  180  14:36  Liberator  
  183  14:42  Liberator  
  186  14:46  Command Center  
  191  15:00  Viking  
  191  15:04  Siege Tank  
  195  15:11  Neosteel Armor  
  195  15:13  Missile Turret  
  195  15:18  Missile Turret  
  195  15:19  Missile Turret  
  194  15:22  Missile Turret  
  194  15:24  Missile Turret  
  194  15:26  Missile Turret, Viking  
  196  15:35  Command Center  
  196  15:37  Viking x2, Sensor Tower  
  187  16:05  Viking x3  
  187  16:07  Viking  
  187  16:08  Missile Turret  
  187  16:09  Siege Tank  
  198  16:13  Command Center  
  198  16:24  Siege Tank x2  
  186  16:30  Viking  
  186  16:32  Marine x2  
  167  16:33  Marine  
  167  16:35  Viking x2  
  167  16:38  Viking  
  168  16:41  Siege Tank  
  168  16:45  Marine  
  168  16:46  Marine x5  
  168  16:48  Marine  
  168  16:50  Marine  
  168  16:53  Viking  
  168  16:56  Missile Turret  
  168  17:00  Viking  
  167  17:06  Liberator  
  167  17:08  Viking x2  
  160  17:12  Viking  
  160  17:13  Liberator  
  162  17:21  Liberator  
  159  17:31  Orbital Command  
  162  17:37  Missile Turret  
  162  17:38  Viking  
  151  17:48  Viking  
  148  17:53  Siege Tank  
  147  18:06  Viking  
  147  18:08  Viking  
  137  18:13  Viking  
  137  18:15  Siege Tank  
  137  18:16  Siege Tank  
  137  18:18  Viking  
  133  18:21  Viking, Marine x8  
  133  18:26  Marine x2  
  140  18:31  Siege Tank  
  132  18:36  Viking  
  132  18:38  Viking  
  132  18:39  Marine x8  
  142  18:43  Viking  
  142  18:44  Marine  
  142  18:45  Marine  
  142  18:48  Viking  
  148  18:51  Liberator  
  145  18:56  Liberator, Marine  
  145  18:57  Siege Tank x2  
  145  19:01  Marine x6  
  143  19:04  Marine x2  
  143  19:09  Liberator  
  115  19:28  Orbital Command  
  115  19:32  Siege Tank  
  115  19:37  Siege Tank  
  116  19:49  Siege Tank  
  113  20:02  Marine x4  
  113  20:04  Siege Tank  
  113  20:06  Viking  
  113  20:07  Viking  
  124  20:09  Siege Tank  
  117  20:21  Siege Tank  
  117  20:22  Marine x6  
  117  20:23  Marine x4  
  85  20:39  Marine x3  
  85  20:40  Marine x7  
  98  20:57  Medivac x4, Marine  
  97  20:58  Marine x6  
  97  21:01  Siege Tank  
  113  21:04  Orbital Command  
  113  21:07  SCV x3  
  113  21:08  SCV  
  117  21:19  SCV x2  
  117  21:20  SCV  
  117  21:21  Marine x4  
  117  21:24  Medivac  
  126  21:29  Viking  
  128  21:33  SCV x2  
  128  21:34  SCV  
  128  21:36  SCV  
  132  21:42  Marine x3  
  135  21:48  Viking  
  135  21:52  Marine x3  
  135  21:53  Marine  
  141  21:55  Marine  
  141  21:56  Orbital Command  
  139  22:05  Marine x4  
  139  22:06  Marine  
  129  22:10  Marine x2  
  129  22:12  Viking  
  133  22:16  Viking  
  133  22:20  Viking  
  136  22:25  Liberator  
  136  22:27  Viking  
  136  22:29  Liberator  
  130  22:31  Viking  
  132  22:48  Siege Tank  
  132  22:49  Marine x2  
  132  22:50  Marine x2  
  131  22:53  Marine x2  
  109  23:00  Siege Tank  
  109  23:02  Viking  
  114  23:12  SCV x2  
  117  23:16  Refinery, Marine x4  
  117  23:17  Marine  
  122  23:21  Siege Tank  
  122  23:26  Orbital Command  
  127  23:27  Siege Tank  
  127  23:28  Marine x2  
  129  23:38  Siege Tank  
  132  23:41  Marine x5  
  132  23:47  Marine x3  
  140  23:50  Marine  
  141  23:59  Marine x3  
  141  24:00  Marine  
  140  24:06  Liberator  
  140  24:10  Siege Tank  
  140  24:11  Marine x2  
  140  24:14  Marine x2  
  145  24:18  Marine x2  
  144  24:25  Marine  
  128  24:39  Viking x2  
  128  24:42  Siege Tank  
  128  24:45  Marine x3  
  138  24:56  SCV  
  138  24:58  Marine x4  
  146  25:04  Medivac x2  
  146  25:06  Medivac  
  149  25:09  Medivac  
  149  25:12  Marine x6  
  146  25:16  Siege Tank  
  146  25:17  Marine  
  135  25:38  Marine  
  135  25:39  Marine x9  

Tags
 
Add a new tag
Caveats
  • Supply blocks, unpowered buildings, or Contaminate may cause inaccurate times.
  • Supply counts are checked every 10 seconds.